 Dungeon Crawl Stone Soup version 0.20.1-1-g8b1a95d (console) character file.

7476 hilaritas the Basher (level 10, 0/129 HPs)
             Began as a Demigod Fighter on Dec 17, 2017.
             Slain by a minotaur
             ... wielding a +3 mace of venom
              (11 damage)
             ... in a labyrinth.
             The game lasted 00:27:49 (11324 turns).

hilaritas the Basher (Demigod Fighter)             Turns: 11324, Time: 00:27:50

Health: 0/129      AC: 14    Str: 33      XL:     10   Next: 63%
Magic:  0/13       EV:  9    Int: 11 (12) God:
Gold:   96         SH: 14    Dex: 14 (15) Spells: 8/9 levels left

rFire    . . .     SeeInvis .   g - +2 mace (drain)
rCold    . . .     Gourm    .   c - +1 shield
rNeg     . . .     Faith    .   F - +0 chain mail
rPois    .         Spirit   +   y - +1 hat
rElec    .         Reflect  .   (no cloak)
rCorr    .         Harm     .   (no gloves)
MR       +++..                  B - +2 pair of boots of Agoraphobia {Str+3}
Stlth    ..........             K - amulet of guardian spirit
Regen    0.4/turn               l - ring of protection from magic
MPRegen  0.2/turn               d - +3 ring of slaying

@: berserking, lethally poisoned (0 -> -8), very quick
A: repulsion field 1, high mp 1, magic resistance 1
a: no special abilities


You were in a labyrinth.
You were not hungry.

You visited 1 branch of the dungeon, and saw 11 of its levels.
You also visited: Labyrinth and Bailey.

You collected 622 gold pieces.
You spent 526 gold pieces at shops.

Inventory:

Hand Weapons
 a - a +1 flail
 g - a +2 mace of draining (weapon)
 E - a +0 morningstar
 U - a +0 war axe of flaming
Missiles
 b - 6 tomahawks (quivered)
Armour
 c - a +1 shield (worn)
 y - a +1 hat (worn)
 B - the +2 pair of boots of Agoraphobia (worn) {Str+3}
   (You bought it in a shop on level 5 of the Dungeon)

   It affects your strength (+3).
 F - a +0 chain mail (worn)
Jewellery
 d - a +3 ring of slaying (right hand)
 l - a ring of protection from magic (left hand)
 w - an uncursed ring of wizardry
 z - a +3 ring of evasion
 K - an amulet of guardian spirit (around neck)
 M - an uncursed ring of see invisible
 T - an uncursed ring of fire
Wands
 n - a wand of paralysis (6/24)
 x - a wand of digging (12/24)
 H - a wand of lightning (8/15)
 J - a wand of polymorph (12/24)
 S - a wand of acid (11/15)
Scrolls
 m - 3 scrolls of amnesia
 o - 9 scrolls of remove curse
 p - 5 scrolls of identify
 r - a scroll of magic mapping
 s - a scroll of enchant armour
 A - 2 scrolls of blinking
 G - 2 scrolls of recharging
 I - 4 scrolls of teleportation
 L - 3 scrolls of enchant weapon
 N - a scroll of summoning
Potions
 e - a potion of flight {unknown}
 h - a potion of heal wounds
 k - 2 potions of resistance {unknown}
 q - 3 potions of curing
 t - 2 potions of magic {unknown}
 u - a potion of haste {unknown}
 v - 2 potions of mutation
 C - a potion of berserk rage
 D - 2 potions of brilliance {unknown}
 O - a potion of experience {unknown}
 P - a potion of lignification {unknown}
 Q - 2 potions of invisibility {unknown}
Books
 R - a book of Callings

   Spells                             Type                      Level
   a - Summon Small Mammal            Summoning                    1
   b - Call Imp                       Summoning                    2
   c - Call Canine Familiar           Summoning                    3
   d - Summon Guardian Golem          Hexes/Summoning              3
   e - Summon Lightning Spire         Summoning/Air                4
   f - Summon Ice Beast               Ice/Summoning                4
Comestibles
 f - 6 bread rations
 i - a meat ration
 j - 3 royal jellies


   Skills:
 * Level 7.4 Fighting
 - Level 10.1 Maces & Flails
 + Level 5.0 Armour
 + Level 9.2 Shields


You had 8 spell levels left.
You knew the following spells:

 Your Spells              Type           Power        Failure   Level  Hunger
a - Summon Small Mammal   Summ           #...         97%         1    ##.....


Dungeon Overview and Level Annotations

Branches:
Dungeon (11/15)            Temple (0/1) D:6            Lair (0/6) D:9
    Orc (0/2) D:11

Shops:
D:5 [   D:7 *


Innate Abilities, Weirdness & Mutations

You have an increased reservoir of magic. (+10% MP)
You are surrounded by a mild repulsion field. (EV +2)
You are resistant to hostile enchantments. (MR+)


Message History

* * * LOW HITPOINT WARNING * * *
You are lethally poisoned!
The minotaur gores you but does no damage.
It was a potion of curing.
You feel better.
The minotaur hits you but does no damage.
The minotaur closely misses you.
A red film seems to cover your vision as you go berserk!
You feel yourself moving faster!
You feel mighty!
The minotaur hits you with a mace of venom!
* * * LOW HITPOINT WARNING * * *
You are poisoned.
You block the minotaur's attack.
You thump the minotaur!
The minotaur is severely wounded.
You feel sick.
You thump the minotaur! You drain the minotaur!
The minotaur is almost dead.
You feel sick.
The minotaur hits you with a mace of venom!
You die...

#.# .#. . #.#
. #.# #. # #
. . #.# # . #
## . ........
. . #
.############
#..# .#....<
#### #.
#####...#
....
...#..(@H#
#.##
#.#.#.###
#....#...
##.#.####
#..#. #..# #
...#..
.##.#.# .
..### #


You could see a minotaur.

Vanquished Creatures
  An orc warlord (Bailey)
  The ghost of xight the Blocker, a novice MiFi of Okawaru (D:8)
  Pikel (D:7)
  2 orc knights (Bailey)
  A komodo dragon (D:9)
  A hornet (D:8)
  Prince Ribbit (D:7)
  A hippogriff (D:9)
  A wyvern (D:10)
  2 hungry ghosts (D:7)
  An ice beast (D:9)
  2 slaves (D:7)
  5 orc warriors
  A phantom (D:5)
  2 ogres
  A centaur (D:6)
  A crocodile (D:9)
  2 big kobolds (D:9)
  6 bullfrogs
  A gnoll sergeant (D:9)
  2 scorpions
  A water moccasin skeleton (D:8)
  3 wights (D:8)
  A howler monkey (D:9)
  A bullfrog zombie (D:5)
  3 crimson imps
  3 orc priests
  4 hounds
  3 bullfrog skeletons
  9 orc wizards
  Jessica (D:2)
  2 iguanas
  7 worker ants
  A hound zombie (D:7)
  3 hound skeletons
  14 gnolls
  15 adders
  A howler monkey skeleton (D:8)
  3 dart slugs
  4 leopard geckos
  26 orcs
  A giant cockroach (D:2)
  7 goblins
  18 hobgoblins
  7 quokkas
  2 ball pythons
  9 bats
  6 frilled lizards
  26 kobolds
  A leopard gecko zombie (D:8)
  A quokka skeleton (D:4)
  5 rats
224 creatures vanquished.

Vanquished Creatures (others)
  A plant (D:9)
1 creature vanquished.

Grand Total: 225 creatures vanquished

Notes
Turn   | Place    | Note
-------+----------+-------------------------------------------
     0 | D:1      | hilaritas the Demigod Fighter began the quest for the Orb.
     0 | D:1      | Reached XP level 1. HP: 18/18 MP: 3/3
   216 | D:1      | You fall through a shaft!
   235 | D:2      | Reached skill level 2 in Maces & Flails
   235 | D:2      | Reached XP level 2. HP: 17/25 MP: 4/4
   431 | D:2      | Reached XP level 3. HP: 28/31 MP: 5/5
   610 | D:2      | Noticed Jessica
   617 | D:2      | Killed Jessica
   617 | D:2      | Reached skill level 3 in Maces & Flails
   632 | D:2      | Found a basalt altar of Yredelemnul.
   899 | D:2      | Reached XP level 4. HP: 34/38 MP: 6/6
  1978 | D:3      | Reached skill level 4 in Maces & Flails
  2281 | D:3      | Reached XP level 5. HP: 45/45 MP: 7/7
  2958 | D:3      | Reached skill level 5 in Maces & Flails
  3589 | D:4      | Reached XP level 6. HP: 51/51 MP: 8/8
  4143 | D:5      | Entered Level 5 of the Dungeon
  4310 | D:5      | Reached skill level 6 in Maces & Flails
  4628 | D:5      | Found a hazy altar of Hepliaklqana.
  4752 | D:5      | Found Luraczul's Antique Armour Boutique.
  4764 | D:5      | Reached XP level 7. HP: 42/57 MP: 9/9
  4771 | D:5      | Bought a pair of faintly glowing boots for 199 gold pieces
  4776 | D:5      | Identified the +2 pair of boots of Agoraphobia {Str+3} (You bought it in a shop on level 5 of the Dungeon)
  4860 | D:5      | Found a bloodstained altar of Trog.
  5252 | D:6      | Reached skill level 7 in Maces & Flails
  5301 | D:6      | Found a shattered altar of Ashenzari.
  5355 | D:6      | Found a staircase to the Ecumenical Temple.
  5383 | D:6      | Found a sparkling altar of Nemelex Xobeh.
  5439 | D:6      | You fall through a shaft!
  5585 | D:7      | Found Zieduhuz's Assorted Antiques.
  5593 | D:7      | Bought a scroll labeled XAOT ENULUGOCE for 30 gold pieces
  5593 | D:7      | Bought a fizzy coppery potion for 27 gold pieces
  5680 | D:7      | Noticed Prince Ribbit
  5748 | D:7      | Noticed a hungry ghost
  5773 | D:7      | Killed a hungry ghost
  5773 | D:7      | Reached skill level 8 in Maces & Flails
  5773 | D:7      | Reached XP level 8. HP: 66/66 MP: 10/10
  6123 | D:7      | Reached skill level 5 in Shields
  6272 | D:7      | Found a sparkling altar of Nemelex Xobeh.
  6557 | D:7      | Killed Prince Ribbit
  6557 | D:7      | Reached skill level 9 in Maces & Flails
  6603 | D:8      | Noticed Pikel
  6672 | D:7      | Killed Pikel
  6685 | D:8      | Found a flagged portal.
  6694 | Bailey   | Entered a bailey
  6720 | Bailey   | Noticed an orc warlord
  6738 | Bailey   | Reached XP level 9. HP: 30/72 MP: 11/11
  7006 | Bailey   | Noticed an orc knight
  7022 | Bailey   | Killed an orc knight
  7022 | Bailey   | Reached skill level 10 in Maces & Flails
  7051 | Bailey   | Found a runed gate.
  7052 | Bailey   | Found a runed gate.
  7054 | Bailey   | Found a runed gate.
  7061 | Bailey   | Noticed an orc knight
  7077 | Bailey   | Killed an orc knight
  7077 | Bailey   | Reached skill level 5 in Fighting
  7390 | Bailey   | Killed an orc warlord
  7695 | D:8      | Identified a scroll of acquirement
  7846 | D:8      | Reached XP level 10. HP: 82/83 MP: 13/13
  7928 | D:8      | Noticed xight's ghost (novice MiFi)
  7954 | D:8      | Killed xight's ghost
  9112 | D:9      | Found a staircase to the Lair.
  9263 | D:9      | Gained mutation: You are resistant to hostile enchantments. (MR+) [potion of mutation]
  9263 | D:9      | Gained mutation: You are surrounded by a mild repulsion field. (EV +2) [potion of mutation]
  9864 | D:9      | Reached skill level 5 in Armour
 10107 | D:9      | Learned a level 1 spell: Summon Small Mammal
 10139 | D:10     | Entered Level 10 of the Dungeon
 10353 | D:7      | Bought a silver wand for 120 gold pieces
 10353 | D:7      | Bought a brass ring for 150 gold pieces
 10860 | D:11     | Found a labyrinth entrance.
 10868 | Lab      | Entered a labyrinth
 11313 | Lab      | Noticed a minotaur
 11324 | Lab      | Slain by a minotaur

Skill      XL: |  1  2  3  4  5  6  7  8  9 10 |
---------------+-------------------------------+-----
Shields        | 3 4 5 8 9 |  9.2
Maces & Flails | 2 3 4 5 6 8 9 10 | 10.1
Fighting       | 3 4 5 7 |  7.4
Armour         | 3 5 |  5.0

Action                   |  1- 3 |  4- 6 |  7- 9 | 10-12 || total
-------------------------+-------+-------+-------+-------++-------
Melee: Flail             |   122 |   173 |       |       ||   295
       Mace              |       |    81 |   348 |   224 ||   653
  Use: Scroll            |       |     8 |     5 |     5 ||    18
       Potion            |       |       |     3 |     5 ||     8
  Eat: Chunk             |       |    13 |    14 |    10 ||    37
       Royal jelly       |       |       |     2 |     1 ||     3
Armor: Scale mail        |    60 |    97 |    12 |       ||   169
       Chain mail        |       |       |   116 |    86 ||   202
Dodge: Dodged            |    39 |    58 |   124 |    55 ||   276
Block: Shield            |    63 |   132 |   268 |   171 ||   634
